 Dungeon Crawl Stone Soup version 0.28-a0-80-g9707f7362f (webtiles) character file.

Game seed: 16941479410442511462

408445 HAL9000 the Imperceptible (level 23, -3/128 HPs)
             Began as a Vine Stalker Brigand on Aug 2, 2021.
             Was the Champion of Dithmenos.
             Slain by an azure jelly (7 damage)
             ... while paralysed by a floating eye
             ... on level 3 of the Pits of Slime on Aug 5, 2021.
             The game lasted 02:43:34 (46652 turns).

HAL9000 the Imperceptible (Vine Stalker Brigand)   Turns: 46652, Time: 02:43:34

Health: -3/128     AC: 18    Str: 21    XL:     23   Next: 45%
Magic:  0/36       EV:  2    Int: 12    God:    Dithmenos [******]
Gold:   2254       SH:  0    Dex: 15    Spells: 8/22 levels left

rFire   + . .      SeeInvis .   G - +9 double sword (vorpal)
rCold   + + +      Faith    .   z - +0 kite shield {AC+3}
rNeg    + . .      Spirit   +   D - +1 steam dragon scales
rPois   +          Reflect  .   E - +2 helmet {Int+3}
rElec   .          Harm     .   a - scarf {repulsion}
rCorr   +          Rampage  .   j - +0 pair of gloves {Stlth+}
Will    ++...                   l - +1 pair of boots {Fly} Stlth *******+++
                                Z - amulet "Istruug" {Fly rN+ Regen+ MP+9 Slay+2}
HPRegen 2.31/turn               m - +4 ring of evasion
MPRegen 0.25/turn               b - ring "Vozanaun" {rPois rF+ rC+++ rCorr Dex-2}

@: paralysed, engulfed (cannot breathe), flying, wreathed by umbra, studying 3
skills, repel missiles
A: fangs 3, regeneration 1, magic shield, antimagic bite, no potion heal 2,
dopey 2, low mp 1, subdued magic 1
}: 2/15 runes: decaying, serpentine
a: Renounce Religion, Shadow Step, Shadow Form


You were on level 3 of the Pits of Slime.
You worshipped Dithmenos.
Dithmenos was exalted by your worship.
You visited 9 branches of the dungeon, and saw 43 of its levels.
You visited the Abyss 1 time.
You also visited: Bailey.

You collected 7259 gold pieces.
You spent 5005 gold pieces at shops.

Inventory:

Hand Weapons
 w - the +8 dagger of the Original Sin {protect, rN+ Will+ Str-2 Int+3}
   (You found it on level 3 of the Swamp)

   It grants its wielder temporary protection when it strikes (+7 to AC).
   Str:       It affects your strength (-2).
   Int:       It affects your intelligence (+3).
   rN:        It protects you from negative energy.
   Will:      It increases your willpower.
 G - a +9 vorpal double sword (weapon)
 O - the +7 pair of quick blades "Gyre" and "Gimble" {protect}
   (You found it in a bailey)

   It grants its wielder temporary protection when it strikes (+7 to AC).
Missiles
 e - 10 curare-tipped darts
 x - 46 boomerangs (quivered)
 A - a throwing net
 F - 2 silver boomerangs
 S - 13 atropa-tipped darts
 T - 7 datura-tipped darts
 Y - 15 javelins
Armour
 a - a scarf of repulsion (worn)
 g - +0 shadow dragon scales
 j - a +0 pair of gloves of stealth (worn)
 l - a +1 pair of boots of flying (worn)
 z - a +0 kite shield of protection (worn)
 D - +1 steam dragon scales (worn)
 E - a +2 helmet of intelligence (worn)
 N - a +2 leather armour of fire resistance
Jewellery
 b - the ring "Vozanaun" (right hand) {rPois rF+ rC+++ rCorr Dex-2}
   (You took it off a deep elf high priest on level 3 of the Elven Halls)

   [ring of protection from fire]

   Dex:       It affects your dexterity (-2).
   rF:        It protects you from fire.
   rC:        It renders you almost immune to cold.
   rPois:     It protects you from poison.
   rCorr:     It protects you from acid and corrosion.
 c - the ring of Xom's Capriciousness {Fire rElec Will+ SInv}
   (You found it on level 11 of the Dungeon)

   [ring of fire]

   It enhances your fire magic.
   rF:        It protects you from fire.
   rC:        It makes you vulnerable to cold.
   rElec:     It insulates you from electricity.
   SInv:      It lets you see invisible.
   Will:      It increases your willpower.
 m - a +4 ring of evasion (left hand)
 p - a ring of willpower
 t - the ring of the Open Hand {Fly rElec rF+ rN+}
   (You bought it in a shop on level 1 of the Vaults)

   [ring of protection from fire]

   rF:        It protects you from fire.
   rElec:     It insulates you from electricity.
   rN:        It protects you from negative energy.
   Fly:       It grants you flight.
 W - a ring of protection from fire
 Z - the amulet "Istruug" (around neck) {Fly rN+ Regen+ MP+9 Slay+2}
   (You found it on level 6 of the Lair of Beasts)

   [amulet of regeneration]

   Slay:      It affects your accuracy & damage with ranged weapons and melee
   (+2).
   rN:        It protects you from negative energy.
   MP:        It affects your magic capacity (+9).
   Fly:       It grants you flight.
   Regen:     It increases your rate of health regeneration.
Wands
 o - a wand of digging (13)
 v - a wand of iceblast (28)
 U - a wand of paralysis (21)
 X - a wand of acid (27)
Scrolls
 d - a scroll of holy word
 i - 8 scrolls of vulnerability
 y - 6 scrolls of fog
 C - 4 scrolls of magic mapping
 J - 2 scrolls of summoning
 K - 5 scrolls of fear
 L - 5 scrolls of blinking
 V - 14 scrolls of teleportation
Potions
 f - 3 potions of cancellation
 h - 3 potions of resistance
 k - 5 potions of haste
 q - 16 potions of curing
 r - 4 potions of magic
 H - 3 potions of ambrosia
 I - 3 potions of invisibility
 M - 5 potions of might
 P - 3 potions of brilliance
 Q - 3 potions of attraction
 R - a potion of berserk rage
Miscellaneous
 n - a phantom mirror
 s - a condenser vane
 u - a tin of tremorstones (2/2)


   Skills:
 + Level 15.8 Fighting
 - Level 8.0(13.4) Short Blades
 - Level 16.7(17.3) Long Blades
 - Level 3.2 Axes
 - Level 7.0 Throwing
 * Level 8.6 Armour
 + Level 14.3 Dodging
 - Level 22.0 Stealth
 - Level 15.0 Shields
 - Level 10.1 Ice Magic
 - Level 8.1 Invocations


You had 8 spell levels left.
You knew the following spells:

 Your Spells              Type           Power      Damage    Failure   Level
a - Ozocubu's Armour      Ice            18%        N/A       1%          3
b - Wereblood             Tmut           0%         N/A       41%         2
c - Swiftness             Air            0%         N/A       65%         3
d - Invisibility          Hex            0%         N/A       100%        6

Your spell library contained the following spells:

 Spells                   Type           Power      Damage    Failure   Level
 Animate Skeleton         Necr           0%         N/A       28%         1
 Foxfire                  Conj/Fire      0%         2x1d4     28%         1
 Magic Dart               Conj           0%         1d3       28%         1
 Pain                     Necr           0%         1d4       28%         1
 Sting                    Tmut/Pois      0%         1d3       28%         1
 Summon Small Mammal      Summ           0%         N/A       28%         1
 Call Imp                 Summ           0%         N/A       41%         2
 Corpse Rot               Necr/Air       N/A        N/A       41%         2
 Passwall                 Tmut/Erth      0%         N/A       41%         2
 Poisonous Vapours        Pois/Air       0%         N/A       41%         2
 Static Discharge         Conj/Air       0%         N/A       41%         2
 Sublimation of Blood     Necr           0%         N/A       41%         2
 Call Canine Familiar     Summ           0%         N/A       65%         3
 Conjure Flame            Conj/Fire      0%         6-21      65%         3
 Gell's Gravitas          Tloc           0%         N/A       65%         3
 Inner Flame              Hex/Fire       0%         N/A       65%         3
 Lesser Beckoning         Tloc           0%         N/A       65%         3
 Mephitic Cloud           Conj/Pois/Air  0%         N/A       65%         3
 Stone Arrow              Conj/Erth      0%         3d7       65%         3
 Summon Guardian Golem    Hex/Summ       0%         N/A       65%         3
 Teleport Other           Tloc           0%         N/A       65%         3
 Vampiric Draining        Necr           0%         2d6       65%         3
 Metabolic Englaciation   Hex/Ice        4%         N/A       71%         5
 Animate Armour           Summ/Erth      0%         N/A       96%         4
 Animate Dead             Necr           0%         N/A       96%         4
 Dispel Undead            Necr           0%         3d6       96%         4
 Leda's Liquefaction      Hex/Erth       0%         N/A       96%         4
 Olgreb's Toxic Radiance  Pois           0%         N/A       96%         4
 Petrify                  Tmut/Erth      0%         N/A       96%         4
 Sticky Flame             Conj/Fire      0%         2d3       96%         4
 Simulacrum               Ice/Necr       4%         N/A       99%         6
 Alistair's Intoxication  Tmut/Pois      0%         N/A       100%        5
 Bolt of Magma            Conj/Fire/Erth 0%         4d4       100%        5
 Borgnjor's Vile Clutch   Necr/Erth      0%         N/A       100%        5
 Fireball                 Conj/Fire      0%         3d3       100%        5
 Irradiate                Conj/Tmut      0%         3d13      100%        5
 Iskenderun's Battlesphe  Conj           0%         2d6       100%        5
 Conjure Ball Lightning   Conj/Air       0%         3x3d6     100%        6
 Death Channel            Necr           0%         N/A       100%        6
 Eringya's Noxious Bog    Tmut/Pois      0%         N/A       100%        6
 Statue Form              Tmut/Erth      0%         N/A       100%        6
 Haunt                    Necr/Summ      0%         N/A       100%        7
 Orb of Destruction       Conj           0%         N/A       100%        7
 Spellforged Servitor     Conj/Summ      0%         N/A       100%        7
 Summon Hydra             Summ           0%         N/A       100%        7
 Discord                  Hex            0%         N/A       100%        8
 Disjunction              Tloc           0%         N/A       100%        8
 Infestation              Necr           0%         N/A       100%        8
 Lehudib's Crystal Spear  Conj/Erth      0%         10d2      100%        8


Dungeon Overview and Level Annotations

Branches:
Dungeon (15/15)            Temple (1/1) D:4            Lair (6/6) D:8
  Swamp (4/4) Lair:4        Snake (4/4) Lair:2        Slime (4/5) Lair:6
    Orc (2/2) D:12            Elf (3/3) Orc:2        Vaults (4/5) D:13
  Crypt (0/3) Vaults:3     Depths (0/5) D:15         Bailey (visited)

Altars:
Ashenzari
Cheibriados
Dithmenos
Elyvilon
Fedhas
Gozag
Hepliaklqana
Kikubaaqudgha
Makhleb
Nemelex Xobeh
Okawaru
Qazlal
Ru
Sif Muna
Trog
Uskayaw
Vehumet
Wu Jian
Xom
Yredelemnul
Zin
The Shining One
Beogh

Shops:
D:8 [   D:14 (   Orc:2 [(*=   Elf:3 :   Snake:1 :   Vaults:1 =

Portals:
Trove: D:14 (give +7 demon blade)


Innate Abilities, Weirdness & Mutations

You have razor-sharp teeth.
Your natural rate of healing is unusually fast.
When hurt, damage is shared between your health and your magic reserves.
Your bite disrupts and absorbs the magic of your enemies.
Potions cannot restore your health.
You are very dopey. (Int -4)
Your magical capacity is low. (-10% MP)
Your spells are a little easier to cast, but a little less powerful.


Message History

The slime creature hits you!
The slime creature hits you but does no damage.
The floating eye's view fixates on you.
Your lungs strain for air!
The azure jelly hits you. The azure jelly freezes you. You resist.
The azure jelly hits you but does no damage. x3
The quicksilver ooze hits you! The quicksilver ooze hits you.
You feel your power leaking away. The slime creature hits you!
You emit a cloud of dark smoke.
The slime creature hits you but does no damage.
The slime creature hits you!
The slime creature hits you but does no damage.
The floating eye gazes piercingly through you!
You shrug off the repeated paralysis!
The quicksilver ooze hits you.
The quicksilver ooze hits you but does no damage.
The azure jelly hits you but does no damage.
The azure jelly hits you. The azure jelly freezes you. You resist.
The azure jelly barely misses you.
The azure jelly hits you but does no damage.
Your lungs strain for air!
The quicksilver ooze hits you. x2
You feel your power leaking away. The slime creature hits you! x2
The slime creature hits you but does no damage.
The slime creature hits you!
* * * LOW HITPOINT WARNING * * *
The azure jelly hits you but does no damage. x3
The azure jelly hits you.
* * * LOW HITPOINT WARNING * * *
* * * LOW HITPOINT WARNING * * *
Your lungs strain for air!
The quicksilver ooze hits you!
* * * LOW HITPOINT WARNING * * *
The quicksilver ooze hits you but does no damage.
The slime creature hits you but does no damage.
The slime creature hits you!
* * * LOW HITPOINT WARNING * * *
The azure jelly hits you but does no damage. x3
The azure jelly hits you!
You die...

.........#...<........###
.#...................#.##
##.....................#
.....................##
....................##
......>............#
..................#.#
......GJJ.......#....#
......J@J..............
......J§J............G.
#...........#.........
...........#........
#.#...........#
##.............
#.............#
...............


You could see an azure jelly, 4 slime creatures, a quicksilver ooze and a
floating eye.

Vanquished Creatures
  Vashnia (Snake:4)
  Nikola (Swamp:3)
  Jorgrun (Elf:1)
  A lich (Vaults:3)
  5 deep elf blademasters
  2 deep elf master archers (Elf:3)
  2 titans (Vaults:3)
  2 acid blobs
  A sphinx (Vaults:4)
  2 thorn hunters
  A tengu reaver (Vaults:3)
  2 shadow dragons (Elf:1)
  Roxanne (Elf:1)
  Donald (Orc:2)
  A fire giant (Vaults:1)
  2 orc warlords
  4 nagarajas
  7 deep elf sorcerers
  9 vault wardens
  Aizul (Vaults:1)
  3 very ugly things (Vaults:1)
  2 quicksilver oozes (Slime:2)
  2 deep elf elementalists (Elf:3)
  3 war gargoyles
  17 ironbound preservers
  A stone giant (Vaults:4)
  7 deep elf demonologists
  6 bunyips
  15 dire elephants
  2 entropy weavers
  7 deep elf annihilators (Elf:3)
  Azrael (D:15)
  2 eleionomae
  A crystal guardian (Vaults:4)
  7 deep elf death magi
  6 great orbs of eyes
  2 fire dragons
  8 ironbound thunderhulks
  3 deep elf high priests
  A shambling mangrove (Swamp:4)
  10 yaktaur captains
  6 naga warriors
  11 vault guards
  An ice dragon (Elf:1)
  21 hydras
  Fannar (Lair:3)
  A salamander tyrant (Snake:4)
  Erolcha (D:11)
  3 peacekeepers
  6 boulder beetles
  3 catoblepae
  6 ironbound frosthearts
  8 two-headed ogres
  12 centaur warriors
  An ogre mage (D:15)
  13 anacondas
  17 death yaks
  11 alligators
  A tengu warrior (D:14)
  32 dancing weapons
  10 ironbound beastmasters
  3 orc high priests
  16 naga sharpshooters
  8 shock serpents
  Urug (Orc:2)
  Sonja (Lair:3)
  4 spriggans
  Nergalle (Orc:2)
  20 deep elf knights
  A fire crab (Lair:6)
  4 salamander mystics
  2 spectral death yaks (Lair:6)
  2 goliath frogs
  A spectral anaconda (Lair:6)
  A spriggan druid (Swamp:2)
  A death drake (shapeshifter) (D:15)
  11 naga ritualists
  59 deep trolls
  3 phantasmal warriors (Vaults:3)
  A glowing orange brain (Vaults:1)
  2 bog bodies
  14 swamp dragons
  11 deep elf archers
  15 ironbound convokers
  An obsidian statue (Lair:6)
  7 orc knights
  14 deep elf zephyrmancers
  An orb spider (shapeshifter) (D:14)
  11 wizards
  4 necromancers (Lair:6)
  10 mana vipers
  9 lindwurms
  A wolf spider (D:15)
  A mana viper (shapeshifter) (D:15)
  4 shining eyes
  52 ugly things
  3 orc sorcerers (Orc:2)
  4 manticores
  31 deep elf pyromancers
  14 salamanders
  4 cyclopes
  4 will-o-the-wisps
  A moth of wrath (shapeshifter) (Vaults:3)
  Joseph (D:7)
  2 dire elephant zombies (Lair:6)
  24 elephants
  53 black mambas
  A guardian serpent (shapeshifter) (D:13)
  5 guardian serpents
  An eye of devastation (Slime:3)
  2 gargoyles
  8 cane toads
  2 torpor snails (Lair:4)
  17 naga magi
  13 vault sentinels
  Maggie (D:7)
  7 komodo dragons
  An efreet (D:15)
  4 rime drakes
  20 yaktaurs
  2 freezing wraiths
  A troll (shapeshifter) (Vaults:3)
  2 bloated husks (Swamp:3)
  5 trolls
  A jumping spider (shapeshifter) (Elf:1)
  13 tyrant leeches
  A blink frog (shapeshifter) (Elf:2)
  2 polar bears
  10 hornets
  40 slime creatures
  Prince Ribbit (D:8)
  A spectral elephant (Lair:6)
  29 blink frogs
  A vampire (D:12)
  38 yaks
  Sigmund (D:3)
  An air elemental (Elf:3)
  2 redbacks
  3 wyverns
  A shadow (D:9)
  A tarantella (Vaults:3)
  A water elemental (Elf:1)
  8 fire elementals
  3 basilisks
  21 vampire mosquitoes
  4 steam dragons
  2 death yak simulacra (Lair:6)
  2 wargs (Orc:2)
  A spectral cane toad (Lair:6)
  11 water moccasins
  39 nagas
  11 swamp worms
  2 hell hounds (D:15)
  41 orc warriors
  8 swamp drakes
  3 black bears
  A necrophage (D:4)
  8 boggarts
  An ice beast (D:6)
  8 centaurs
  10 ogres
  A phantom (D:7)
  8 wolves
  5 kobold brigands
  Blork the orc (D:3)
  4 earth elementals
  9 bullfrogs
  A cane toad simulacrum (Lair:6)
  A gnoll sergeant (D:12)
  2 scorpions
  An elephant simulacrum (Lair:5)
  3 killer bees (D:11)
  6 electric eels
  4 wights (D:7)
  3 howler monkeys (D:13)
  A bullfrog zombie (D:5)
  2 bullfrog skeletons
  A centaur skeleton (D:5)
  2 jellies (Lair:6)
  18 orc priests
  2 hounds
  An iguana (D:4)
  Ijyb (D:3)
  20 orc wizards
  Natasha (thrice) (D:2)
  3 wolf simulacra (Lair:5)
  2 howler monkey zombies
  5 gnolls
  6 adders
  A worm (D:3)
  5 dart slugs
  77 orcs
  3 bats
  4 endoplasms
  6 giant cockroaches
  21 goblins
  8 hobgoblins
  3 jackals (D:1)
  2 quokkas
  9 ball pythons
  2 frilled lizards
  41 kobolds
  4 rats
  3 briar patches (Swamp:4)
  2 butterflies (D:2)
  A toadstool (D:10)
1487 creatures vanquished.

Vanquished Creatures (others)
  A deep elf knight (Elf:2)
  2 wizards
  3 bloated husks
  A boggart (Vaults:1)
  An orc wizard (Orc:2)
  A bush (Lair:6)
  8 foxfires
  23 fungi
  27 plants
  3 toadstools (D:10)
  13 withered plants (Lair:6)
83 creatures vanquished.

Grand Total: 1570 creatures vanquished

Notes
Turn   | Place    | Note
-------+----------+-------------------------------------------
     0 | D:1      | HAL9000 the Vine Stalker Brigand began the quest for the
                  | Orb.
     0 | D:1      | Reached XP level 1. HP: 11/11 MP: 2/2
   154 | D:1      | Reached XP level 2. HP: 6/15 MP: 1/3
   721 | D:1      | Found a faded altar of an unknown god.
  1136 | D:1      | Reached XP level 3. HP: 14/18 MP: 4/4
  1498 | D:2      | Gained mutation: Your natural rate of healing is unusually
                  | fast. [Vine Stalker growth]
  1498 | D:2      | Reached XP level 4. HP: 23/23 MP: 5/5
  1578 | D:2      | Noticed Natasha
  1589 | D:2      | Killed Natasha
  1736 | D:2      | Noticed Natasha
  1749 | D:2      | Killed Natasha
  1750 | D:2      | Reached XP level 5. HP: 26/26 MP: 6/6
  1872 | D:2      | Noticed Natasha
  1884 | D:2      | Killed Natasha
  1993 | D:3      | Reached skill level 5 in Throwing
  2024 | D:3      | Noticed Sigmund
  2043 | D:3      | Killed Sigmund
  2044 | D:3      | Reached XP level 6. HP: 24/30 MP: 5/7
  2381 | D:3      | Noticed Ijyb
  2384 | D:3      | Killed Ijyb
  2385 | D:3      | Reached XP level 7. HP: 34/34 MP: 8/8
  2896 | D:4      | Noticed Blork the orc
  2922 | D:3      | Killed Blork the orc
  3002 | D:4      | Found a blossoming altar of Fedhas.
  3195 | D:4      | Found a staircase to the Ecumenical Temple.
  3217 | Temple   | Entered the Ecumenical Temple
  3463 | Temple   | Became a worshipper of Dithmenos the Shadowed
  3596 | D:4      | Identified the +10 war axe "Gaepten" {elec, rElec Str+4
                  | Stlth+}
  4273 | D:5      | Entered Level 5 of the Dungeon
  4296 | D:5      | Gained mutation: You have razor-sharp teeth. [Vine Stalker
                  | growth]
  4296 | D:5      | Reached XP level 8. HP: 27/38 MP: 6/9
  4324 | D:5      | Reached skill level 5 in Short Blades
  4352 | D:5      | Found an ornate altar of the Wu Jian Council.
  4770 | D:5      | Found a bloodstained altar of Trog.
  4772 | D:5      | Noticed a wizard
  4776 | D:5      | Killed a wizard
  4925 | D:6      | Reached skill level 5 in Stealth
  4982 | D:6      | Reached skill level 6 in Stealth
  5252 | D:6      | Reached skill level 7 in Stealth
  5449 | D:6      | Identified the +0 robe "Icoam" {*Corrode rF+ Dex+4}
  5717 | D:7      | Noticed Joseph
  5724 | D:7      | Killed Joseph
  5725 | D:7      | Reached skill level 8 in Stealth
  5725 | D:7      | Reached XP level 9. HP: 19/42 MP: 3/10
  5820 | D:7      | Reached skill level 9 in Stealth
  5914 | D:7      | Reached * piety under Dithmenos
  6219 | D:7      | Noticed Maggie
  6229 | D:7      | Killed Maggie
  6230 | D:7      | Reached skill level 10 in Stealth
  6494 | D:8      | Found a staircase to the Lair.
  6572 | D:8      | Noticed a troll
  6575 | D:8      | Noticed a hornet
  6666 | D:8      | Found Utsial's Armour Emporium.
  6684 | D:8      | Bought a +0 buckler for 54 gold pieces
  6737 | D:8      | Noticed Prince Ribbit
  6745 | D:8      | Killed Prince Ribbit
  6746 | D:8      | Reached XP level 10. HP: 49/49 MP: 11/11
  6758 | D:8      | Noticed a two-headed ogre
  6770 | D:8      | Killed a two-headed ogre
  6771 | D:8      | Reached skill level 11 in Stealth
  6826 | D:8      | Found a glowing silver altar of Zin.
  7325 | D:8      | Reached skill level 1 in Axes
  7344 | D:8      | Found a shimmering altar of Xom.
  7490 | D:9      | Found a flagged portal.
  7493 | D:9      | Reached ** piety under Dithmenos
  7501 | Bailey   | Entered a bailey
  7506 | Bailey   | Noticed an orc warlord
  7507 | Bailey   | Found the +7 pair of quick blades "Gyre" and "Gimble"
                  | {protect}
  7608 | Bailey   | Found a runed translucent gate.
  7609 | Bailey   | Found a runed translucent gate.
  7610 | Bailey   | Found a runed translucent gate.
  8049 | Lair:1   | Entered Level 1 of the Lair of Beasts
  8152 | Lair:1   | Noticed a cane toad
  8163 | Lair:1   | Killed a cane toad
  8316 | Lair:1   | Found an opulent altar of Gozag.
  8350 | Lair:1   | Noticed a cane toad
  8362 | Lair:1   | Killed a cane toad
  8363 | Lair:1   | Reached skill level 12 in Stealth
  8978 | Lair:2   | Found a staircase to the Snake Pit.
  9022 | Lair:2   | Reached XP level 11. HP: 54/54 MP: 12/12
  9035 | Lair:2   | Reached skill level 13 in Stealth
  9045 | Lair:2   | Reached skill level 5 in Fighting
  9064 | Lair:2   | Reached *** piety under Dithmenos
  9180 | Lair:2   | Noticed a death yak
  9181 | Lair:2   | Noticed a death yak
  9183 | Lair:2   | Noticed a death yak
  9184 | Lair:2   | Noticed a death yak
  9223 | Lair:2   | Killed a death yak
  9224 | Lair:2   | Reached skill level 14 in Stealth
  9232 | Lair:2   | Killed a death yak
  9249 | Lair:2   | Killed a death yak
  9264 | Lair:2   | Killed a death yak
  9391 | Lair:2   | Reached skill level 15 in Stealth
  9391 | Lair:2   | Acquired 664 gold pieces
  9662 | Lair:2   | Reached XP level 12. HP: 62/62 MP: 13/13
  9914 | D:8      | Bought a +1 pair of boots for 138 gold pieces
 10238 | Lair:3   | Noticed Sonja
 10269 | Lair:3   | Killed Sonja
 10331 | Lair:3   | Noticed Fannar
 10345 | Lair:3   | Killed Fannar
 10346 | Lair:3   | Reached XP level 13. HP: 51/67 MP: 11/14
 10977 | Lair:4   | Reached skill level 16 in Stealth
 10982 | Lair:4   | Learned a level 3 spell: Ozocubu's Armour
 11037 | Lair:4   | Reached skill level 1 in Ice Magic
 11111 | Lair:4   | Found a staircase to the Swamp.
 11133 | Lair:4   | Reached **** piety under Dithmenos
 11198 | Lair:4   | Reached skill level 5 in Ice Magic
 12022 | Lair:5   | Reached ***** piety under Dithmenos
 12233 | Lair:5   | Reached skill level 10 in Ice Magic
 12233 | Lair:5   | Reached XP level 14. HP: 71/72 MP: 15/15
 12260 | Lair:5   | Reached skill level 1 in Invocations
 12628 | Lair:5   | Reached skill level 5 in Invocations
 12857 | Lair:6   | Entered Level 6 of the Lair of Beasts
 13437 | Lair:6   | Noticed a dire elephant
 13437 | Lair:6   | Noticed a dire elephant
 13448 | Lair:6   | Noticed a dire elephant
 13450 | Lair:6   | Noticed a dire elephant
 13459 | Lair:6   | Killed a dire elephant
 13460 | Lair:6   | Reached skill level 17 in Stealth
 13498 | Lair:6   | Killed a dire elephant
 13550 | Lair:6   | Identified the amulet "Istruug" {Fly rN+ Regen+ MP+9
                  | Slay+2}
 13662 | Lair:6   | Killed a dire elephant
 13710 | Lair:6   | Killed a dire elephant
 13777 | Lair:6   | Reached skill level 18 in Stealth
 13777 | Lair:6   | Reached XP level 15. HP: 64/75 MP: 22/22
 14048 | Lair:6   | Reached skill level 19 in Stealth
 14052 | Lair:6   | Found a staircase to the Slime Pits.
 14748 | Lair:1   | Upgraded the game from 0.28-a0-75-g15dc114455 to
                  | 0.28-a0-79-g444c7a33f5
 15578 | D:9      | Killed an orc warlord
 15938 | D:9      | Found a broken altar of Ashenzari.
 16156 | D:10     | Entered Level 10 of the Dungeon
 16355 | D:10     | Found an iron altar of Okawaru.
 16551 | D:10     | Reached ****** piety under Dithmenos
 17029 | D:11     | Identified the ring of Xom's Capriciousness {Fire rElec
                  | Will+ SInv}
 17264 | D:11     | Reached skill level 5 in Dodging
 17405 | D:11     | Noticed Erolcha
 17427 | D:11     | Killed Erolcha
 18633 | D:12     | Found a staircase to the Orcish Mines.
 18899 | Orc:1    | Entered Level 1 of the Orcish Mines
 19302 | Orc:2    | Entered Level 2 of the Orcish Mines
 19302 | Orc:2    | Found a staircase to the Elven Halls.
 19302 | Orc:2    | Noticed Donald
 19708 | Orc:2    | Killed Donald
 19735 | Orc:2    | Noticed Urug
 19735 | Orc:2    | Noticed Nergalle
 20148 | Orc:2    | Noticed an orc warlord
 20395 | Orc:2    | Killed Nergalle
 20575 | Orc:2    | Killed Urug
 20576 | Orc:2    | Reached XP level 16. HP: 72/80 MP: 23/23
 20690 | Orc:2    | Found Uxaura's Antique Weapon Boutique.
 20728 | Orc:2    | Found Uppehack's General Store.
 20755 | Orc:2    | Found Tutzef's Antique Armour Boutique.
 20796 | Orc:2    | Bought a scroll of teleportation for 36 gold pieces
 20906 | Orc:2    | Found Iriy's Jewellery Boutique.
 21208 | Lair:1   | Acquired a +2 crystal plate armour
 21316 | Swamp:1  | Entered Level 1 of the Swamp
 21379 | Swamp:1  | Noticed a thorn hunter
 21401 | Swamp:1  | Killed a thorn hunter
 21402 | Swamp:1  | Reached skill level 1 in Long Blades
 21610 | Swamp:1  | Reached skill level 5 in Shields
 22392 | Orc:2    | Bought a ring of poison resistance for 260 gold pieces
 24377 | Swamp:3  | Reached skill level 5 in Long Blades
 24395 | Swamp:3  | Noticed Nikola
 24402 | Swamp:3  | Killed Nikola
 24920 | Swamp:4  | Entered Level 4 of the Swamp
 25078 | Swamp:4  | Noticed a thorn hunter
 25200 | Swamp:4  | Reached XP level 17. HP: 84/84 MP: 24/24
 25873 | Swamp:4  | Got a decaying rune of Zot
 26156 | Snake:1  | Entered Level 1 of the Snake Pit
 26724 | Snake:1  | Found Vinozyh's Book Emporium.
 26749 | Snake:1  | Found a stormy altar of Qazlal.
 27171 | Snake:2  | Reached skill level 20 in Stealth
 27627 | Snake:2  | Found a bloodstained altar of Trog.
 28039 | Snake:3  | Reached skill level 21 in Stealth
 28052 | Snake:3  | Reached XP level 18. HP: 88/88 MP: 25/25
 28133 | Snake:3  | Found a hide-covered altar of Uskayaw.
 28664 | Snake:3  | Identified the amulet of Departure {Faith rPois SInv}
 28669 | Snake:3  | Reached skill level 22 in Stealth
 28915 | Snake:4  | Entered Level 4 of the Snake Pit
 28997 | Snake:4  | Reached skill level 10 in Shields
 29626 | Snake:4  | Reached skill level 10 in Long Blades
 30139 | Snake:4  | Noticed Vashnia
 30144 | Snake:4  | Killed Vashnia
 30500 | Snake:4  | Got a serpentine rune of Zot
 30532 | Snake:4  | Reached XP level 19. HP: 91/93 MP: 26/26
 30860 | Swamp:3  | Identified the +8 dagger of the Original Sin {protect, rN+
                  | Will+ Str-2 Int+3}
 30993 | Lair:1   | Upgraded the game from 0.28-a0-79-g444c7a33f5 to
                  | 0.28-a0-80-g9707f7362f
 31146 | D:13     | Found a gate to the Vaults.
 32074 | D:14     | Found Giemerr's Weapon Shoppe.
 32207 | D:14     | Found a snail-covered altar of Cheibriados.
 32412 | D:14     | Acquired a +1 pair of boots of flying
 32682 | D:14     | Found a portal to a secret trove of treasure.
 32737 | D:14     | You are sucked into a shaft and drop 1 floor!
 32737 | D:15     | Entered Level 15 of the Dungeon
 32821 | D:15     | Found a staircase to the Depths.
 33396 | D:15     | Noticed Azrael
 33405 | D:15     | Killed Azrael
 33446 | D:15     | Found a hazy altar of Hepliaklqana.
 34004 | Elf:1    | Entered Level 1 of the Elven Halls
 34019 | Elf:1    | Found a radiant altar of Vehumet.
 34234 | Elf:1    | Noticed Jorgrun
 34236 | Elf:1    | Killed Jorgrun
 34261 | Elf:1    | Noticed Roxanne
 34304 | Elf:1    | Killed Roxanne
 34656 | Elf:1    | Reached skill level 10 in Fighting
 34722 | Elf:1    | Reached XP level 20. HP: 99/102 MP: 27/27
 34830 | Elf:1    | Found a runed translucent gate.
 34830 | Elf:1    | Found a runed translucent gate.
 34830 | Elf:1    | Found a runed translucent gate.
 34830 | Elf:1    | Found a runed translucent gate.
 34830 | Elf:1    | Found a runed translucent gate.
 34832 | Elf:1    | Found a runed translucent gate.
 35142 | D:8      | Bought +2 ice dragon scales for 864 gold pieces
 35794 | Elf:2    | Found a runed translucent gate.
 35795 | Elf:2    | Found a runed translucent gate.
 35795 | Elf:2    | Found a runed translucent gate.
 36606 | Elf:3    | Entered Level 3 of the Elven Halls
 36659 | Elf:3    | Found Ropt's Self-Improvement Boutique.
 36675 | Elf:3    | Bought a manual of Dodging for 1600 gold pieces
 36675 | Elf:3    | Bought a manual of Fighting for 1600 gold pieces
 37700 | Elf:3    | Identified the +1 helmet of Beloa {rF- Regen+ rCorr}
 37860 | Elf:3    | Reached skill level 10 in Dodging
 37893 | Elf:3    | Identified the +7 halberd "Yppiurek" {holy, rC+ Dex+6}
 37893 | Elf:3    | Identified the +2 leather armour of the Everdark {Fly rN+++
                  | Str+6 Stlth-}
 37893 | Elf:3    | Identified the ring "Vozanaun" {rPois rF+ rC+++ rCorr
                  | Dex-2}
 37995 | Elf:3    | Identified the ring of the Sky {rPois AC+4 Str-2 Stlth+}
 38062 | Elf:3    | Cast into level 4 of the Abyss (a deep elf sorcerer)
 38085 | Elf:3    | Escaped the Abyss
 38094 | Elf:3    | Reached XP level 21. HP: 81/109 MP: 28/28
 38183 | Elf:3    | Identified the +6 flail of Yesterday {drain, rPois rCorr}
 38289 | Elf:3    | Identified the -5 pair of boots of Agroetad {Will+ Int+2}
 38332 | Elf:3    | Identified the +0 longbow "Mioqanui" {venom, rPois rF-
                  | Int+6}
 39407 | Vaults:1 | Entered Level 1 of the Vaults
 39518 | Vaults:1 | Found Kaisacu's Jewellery Shoppe.
 39860 | Vaults:1 | Noticed Aizul
 39878 | Vaults:1 | Killed Aizul
 40474 | Vaults:1 | Bought the ring of the Open Hand {Fly rElec rF+ rN+} for
                  | 453 gold pieces
 41526 | Vaults:2 | Reached XP level 22. HP: 100/120 MP: 28/29
 41626 | Vaults:2 | Reached skill level 15 in Shields
 42653 | Vaults:2 | Learned a level 2 spell: Wereblood
 42661 | Vaults:2 | Reached skill level 15 in Long Blades
 43341 | Vaults:3 | Found a staircase to the Crypt.
 43341 | Vaults:3 | Found an ancient bone altar of Kikubaaqudgha.
 43341 | Vaults:3 | Found a basalt altar of Yredelemnul.
 43918 | Vaults:3 | Found the +8 glaive of the Guard {elec, spectral, AC+5}
 43951 | Vaults:3 | Learned a level 3 spell: Swiftness
 43958 | Vaults:3 | Learned a level 6 spell: Invisibility
 44080 | Vaults:3 | You are sucked into a shaft and drop 1 floor!
 44735 | Vaults:3 | Reached XP level 23. HP: 80/125 MP: 30/30
 45141 | Vaults:4 | Reached skill level 15 in Fighting
 46145 | Slime:1  | Entered Level 1 of the Pits of Slime
 46259 | Slime:3  | Gained mutation: You are dopey. (Int -2) [a shining eye]
 46267 | Slime:3  | Gained mutation: Your spells are a little easier to cast,
                  | but a little less powerful. [a shining eye]
 46305 | Slime:2  | You are sucked into a shaft and drop 2 floors!
 46332 | Slime:4  | Gained mutation: Your magical capacity is low. (-10% MP) [a
                  | shining eye]
 46334 | Slime:4  | Gained mutation: You are very dopey. (Int -4) [a shining
                  | eye]
 46648 | Slime:3  | Paralysed by a floating eye for 4 turns
 46652 | Slime:3  | HP: 4/128 [slime creature (9)]
 46652 | Slime:3  | Slain by an azure jelly

Illustrated notes

Levels and vault maps discovered:
D:1:      dpeg_arrival_erosion, layout_loops_ring,
          shapermc_ecumenical_altar_totnotflames
D:2:      layout_basic, hangedman_glass_garden, uniq_natasha
D:3:      layout_loops_ring, minmay_ogre_servants, uniq_ijyb, uniq_sigmund
D:4:      layout_basic, mainiacjoe_overflow_tiny_flanked,
          minmay_temple_entry_waves, kennysheep_generic_room_9,
          uniq_blork_the_orc
D:5:      layout_basic, nicolae_overflow_crystal_walls, trog_wizard,
          corexii_checkpoint_a
D:6:      layout_basic
D:7:      layout_basic, grunt_decor_cap, uniq_maggie, uniq_joseph
D:8:      layout_loops_ring, tgw_xom, mainiacjoe_overflow_small_starburst,
          lair_entry_dummy, serial_shops, shop, uniq_prince_ribbit1
D:9:      layout_roguey, mainiacjoe_overflow_concentric_impassable,
          enter_bailey_3
D:10:     layout_loops_ring, okawaru_altar_gauntlet_db,
          minmay_gold_behind_fungi, lightli_corner_chamber
D:11:     layout_stronghold, dilly_guarded_unrand_elemental_staff, uniq_erolcha
D:12:     layout_basic, orc_0_dummy
D:13:     layout_gridville, erik_vaults_2
D:14:     layout_small_grid, enter_trove_6, serial_shops, shop,
          cheibriados_altar_1, minmay_diced_spiral
D:15:     hangedman_depths_entry_try_elsewhere_first, layout_irregular_city,
          nzn_hepliaklqana_mist_gate, gauntlet_entry_generic, uniq_azrael
Temple:   regret_index_temple_generic_petals
Lair:1:   layout_cave_pods, basic_altar, wad_woods_road_03,
          infiniplex_staircase_pool, serial_bayou_shore_a
Lair:2:   layout_roguey, guppyfry_snake_entry_island
Lair:3:   layout_gridlike, uniq_fannar, uniq_sonja
Lair:4:   layout_gridlike, minmay_swamp_entry_swarm
Lair:5:   layout_gridlike, portal_ice_cave_entry_ice_simulacra,
          grunt_megastairs_5, lemuel_fruit_tree
Lair:6:   due_jungle_book, layout_loops_ring, minmay_slime_entry_pillars,
          infiniplex_staircase_pool_2
Swamp:1:  layout_falls_marsh, serial_swamp_ruin, hangedman_swamp_ruin_hall,
          evilmike_swamp_ruin_rubble_2, evilmike_swamp_ruin_house_5
Swamp:2:  layout_falls_marsh, nicolae_swamp_round_clearing, swamp_pool1,
          st_swamp_mini
Swamp:3:  layout_falls_marsh, nicolae_swamp_big_swirl, swamp_pool2, uniq_nikola
Swamp:4:  swamp, layout_basic_swamp
Snake:1:  layout_onion, basic_altar, minmay_shop_star
Snake:2:  layout_misc_corridors, lemuel_altar_in_water2
Snake:3:  layout_rooms, basic_altar, special_room, nicolae_snake_storage_room
Snake:4:  johnstein_snake_rune_scales, layout_misc_corridors
Slime:1:  layout_caves
Slime:2:  layout_caves
Slime:3:  layout_caves
Slime:4:  layout_caves
Orc:1:    layout_caves
Orc:2:    grunt_orc_cross, layout_caves, mines2_lemuel, uniq_donald
Elf:1:    eino_elf_arrival_altar, layout_rooms, orc_legates, uniq_jorgrun,
          uniq_roxanne
Elf:2:    nicolae_elf_blades_crystal_corner, layout_gridlike
Elf:3:    minmay_elf_hall_circle, layout_geoelf_castle, st_stairs_14,
          nicolae_shop_self_help
Vaults:1: hangedman_vaults_capsules, nicolae_vaults_triangles,
          ontoclasm_vaults_chip, vaults_room_stairs_pillars, vaults_dpeg_cross,
          layout_vaults_omnigrid, serial_shops, nicolae_shop_window_shopping,
          uniq_aizul
Vaults:2: special_room_vaults [special_room_orc],
          ontoclasm_vaults_loading_screen, ontoclasm_vaults_gateway,
          nicolae_vaults_puzzle_piece, v_pattern_5, v_rooms_5, v_misc_22,
          nicolae_vaults_stairing_the_circle, hangedman_vaults_stream,
          v_rooms_4, layout_vaults_ring
Vaults:3: minmay_crypt_entry_necro_gods, vaults_room_semicircle,
          vaults_room_door_ring, v_misc_25, vaults_room_ringed_pool,
          ontoclasm_vaults_eye, v_misc_23, v_misc_22, vaults_mumra_chevron_long,
          hangedman_vaults_pinch, minmay_guarded_unrand_guard_vaults,
          vaults_room_corners, layout_vaults_omnicross
Vaults:4: grunt_vaults_diagonal, v_alt_pattern_6, nicolae_vaults_alarming,
          vaults_room_pools, hangedman_vaults_stitches, v_alt_pattern_2,
          nicolae_vaults_asterisk, ontoclasm_vaults_ring_square,
          hangedman_vaults_restitches, dpeg_vaults_monster_row,
          nicolae_vaults_gold_heap, hangedman_vaults_stretched_pinwheel,
          ontoclasm_vaults_pinch, layout_vaults_maze_snakey

Skill      XL: |  1  2  3  4  5  6  7  8  9 10 11 12 13 14 15 16 17 18 19 20 21 22 23 |
---------------+----------------------------------------------------------------------+-----
Throwing       | 2 3 4 6 7 |  7.0
Short Blades   | 4 6 7 8 |  8.0
Stealth        | 8 10 12 15 16 18 19 21 22 | 22.0
Fighting       | 3 4 6 7 10 11 14 15 | 15.8
Shields        | 2 4 8 9 11 12 13 14 15 | 15.0
Axes           | 3 |  3.2
Armour         | 6 7 8 |  8.6
Ice Magic      | 10 | 10.1
Invocations    | 8 |  8.1
Dodging        | 8 9 11 12 13 14 | 14.3
Long Blades    | 6 8 10 12 14 16 | 16.7

Action                   |  1- 3 |  4- 6 |  7- 9 | 10-12 | 13-15 | 16-18 | 19-21 | 22-24 || total
-------------------------+-------+-------+-------+-------+-------+-------+-------+-------++-------
Melee: Dagger            |    62 |    71 |    69 |       |       |       |       |    25 ||   227
       Bite              |    14 |    17 |    53 |    77 |   561 |   480 |   775 |   384 ||  2361
       War axe           |       |       |   119 |    57 |       |       |       |       ||   176
       Pair of quick bla |       |       |       |   188 |  1273 |  1271 |  1815 |   176 ||  4723
       Double sword      |       |       |       |       |       |       |    86 |   616 ||   702
Throw: Dart              |     1 |    17 |     9 |    30 |    29 |     5 |     1 |       ||    92
       Boomerang         |       |     4 |       |       |     1 |    49 |    22 |     1 ||    77
 Cast: Ozocubu's Armour  |       |       |       |       |    21 |   101 |    77 |    26 ||   225
Invok: Shadow Step       |       |       |       |       |     2 |     4 |     3 |     1 ||    10
Evoke: Wand              |       |       |     6 |     4 |       |       |       |       ||    10
  Use: Scroll            |     1 |       |     9 |     9 |    11 |    10 |     4 |     4 ||    48
       Potion            |       |       |       |     1 |       |     1 |       |       ||     2
 Stab: Sleeping          |    10 |     7 |    12 |    13 |    98 |    88 |    86 |    40 ||   354
       Distracted        |       |       |     1 |       |     4 |    10 |     3 |     3 ||    21
       Invisible         |       |       |       |     1 |     9 |     3 |     1 |       ||    14
       Confused          |       |       |       |       |       |     2 |       |       ||     2
Armor: Robe              |    12 |    16 |    33 |       |       |       |       |       ||    61
       Steam dragon scal |       |       |    12 |    38 |   190 |   211 |   262 |   192 ||   905
       Shadow dragon sca |       |       |       |       |       |       |    15 |       ||    15
Dodge: Dodged            |    36 |    17 |    98 |   105 |   396 |   732 |   971 |   507 ||  2862
       Repelled          |       |       |       |       |     2 |    31 |    21 |     8 ||    62
Block: Other             |       |       |    38 |       |       |       |       |       ||    38
       Buckler           |       |       |       |    29 |       |       |       |       ||    29
       Reflection        |       |       |       |     3 |       |       |       |       ||     3
       Kite shield       |       |       |       |       |       |       |    34 |   398 ||   432
       Rpst.: Double sword |       |       |       |       |       |       |     8 |    73 ||    81

Table legend: (Time is in decaauts)
 A = Elapsed time spent in this place.
 B = Non-inter-level travel time spent in this place.
 C = Inter-level travel time spent in this place.
 D = Time resting spent in this place.
 E = Time spent auto-exploring this place.
 F = Levels seen in this place.
 G = Mean time per level.
                   A        B        C        D        E       F      G
               +--------+--------+--------+--------+--------+-----+--------+
         Total |  43312 |  36409 |   6903 |   3395 |  22224 |  45 |  962.5 |
       Dungeon |  15752 |  12145 |   3607 |    769 |   8895 |  15 | 1050.1 |
        Temple |    285 |    213 |     72 |      0 |    212 |   1 |  285.0 |
          Lair |   7162 |   5366 |   1796 |    278 |   3705 |   6 | 1193.7 |
         Swamp |   3434 |   3114 |    320 |    616 |   1563 |   4 |  858.5 |
     Snake Pit |   3978 |   3787 |    191 |    488 |   1911 |   4 |  994.5 |
    Slime Pits |    480 |    480 |      0 |    210 |     23 |   4 |  120.0 |
  Orcish Mines |   2202 |   1854 |    348 |    349 |    724 |   2 | 1101.0 |
   Elven Halls |   3828 |   3489 |    339 |    214 |   1775 |   3 | 1276.0 |
        Vaults |   5687 |   5460 |    227 |    370 |   3412 |   4 | 1421.8 |
         Abyss |     22 |     22 |      0 |      0 |      0 |   1 |   22.0 |
        Bailey |    477 |    477 |      0 |    100 |      4 |   1 |  477.0 |
               +--------+--------+--------+--------+--------+-----+--------+

Top non-repeatable levels by time:
    D:12: 2077 daAuts
  Lair:1: 1856 daAuts
Vaults:2: 1819 daAuts
   Elf:3: 1705 daAuts
Vaults:3: 1584 daAuts
   Orc:2: 1414 daAuts
  Lair:6: 1328 daAuts
 Snake:4: 1291 daAuts
    D:11: 1266 daAuts
     D:1: 1258 daAuts
     D:8: 1257 daAuts
 Swamp:1: 1198 daAuts
Vaults:1: 1164 daAuts
     D:4: 1163 daAuts
     D:7: 1160 daAuts
